 Dungeon Crawl Stone Soup version 0.29.0-4-gdea44cf6ec (webtiles) character file.

Game seed: 3787311990298554859

35 qw the Chopper (level 3, -10/31 HPs)
             Began as a Minotaur Fighter on Sept 4, 2022.
             Killed from afar by Natasha (11 damage)
             ... with a puff of flame
             ... on level 2 of the Dungeon.
             The game lasted 00:00:37 (1610 turns).

qw the Chopper (Minotaur Fighter)                   Turns: 1610, Time: 00:00:38

Health: -10/31     AC:  6    Str: 22    XL:     3   Next: 16%
Magic:  2/2        EV:  9    Int:  5    God:
Gold:   84         SH:  4    Dex:  9    Spells: 2/2 levels left

rFire   . . .      SeeInvis .   Y - +0 war axe
rCold   . . .      Faith    .   c - +0 buckler
rNeg    . . .      Spirit   .   b - +0 scale mail
rPois   .          Reflect  .   (helmet restricted)
rElec   .          Harm     .   (no cloak)
rCorr   .          Rampage  .   (no gloves)
Will    .....                   (no boots)
Stlth   ..........              (no amulet)
HPRegen 0.10/turn               (no ring)
MPRegen 0.08/turn               (no ring)

@: slowed, very slow
A: horns 2, retaliatory headbutt
a: no special abilities


You were on level 2 of the Dungeon.
You visited 1 branch of the dungeon, and saw 2 of its levels.

You collected 84 gold pieces.


Innate Abilities, Weirdness & Mutations

You have a pair of horns on your head.
You reflexively headbutt those who attack you in melee.


   Skills:
 - Level 3.6 Fighting
 + Level 4.4 Axes
 - Level 3.6 Armour
 - Level 3.6 Shields


You had 2 spell levels left.
You didn't know any spells.
Your spell library was empty.

Inventory:

Hand Weapons
 g - a +1 whip of pain
 Y - a +0 war axe (weapon)
Armour
 b - a +0 scale mail (worn)
 c - a +0 buckler (worn)
 j - the +1 leather armour "Qalaroub" {rElec rPois SInv}
   (You found it on level 2 of the Dungeon)

   rElec:     It insulates you from electricity.
   rPois:     It protects you from poison.
   SInv:      It lets you see invisible.
Scrolls
 a - 7 scrolls of identify
 f - a scroll of brand weapon {unknown}
 h - a scroll of fear {unknown}
 i - a scroll of blinking {unknown}
Potions
 d - a potion of might
 e - a potion of curing {unknown}
 k - a potion of attraction {unknown}
 l - a potion of invisibility {unknown}

Dungeon Overview and Level Annotations

Branches:
Dungeon (2/15)

Altars:

Annotations:
D:2 Natasha


Message History

The endoplasm quivers.
Enter note: The endoplasm jiggles.
You slash the endoplasm!
You kill the endoplasm!
k - a fizzy pink potion A giant cockroach comes into view.
1429 ||| Stepping ~*~*~tactically~*~*~ (stealth).
a - 6 scrolls of identify (gained 1)
l - a bubbling clear potion You see here a +0 ring mail.
Found a stone staircase leading up.
Enter note:
Enter note:
Enter note:
There is a stone staircase leading up here.
You hit the giant cockroach. You headbutt the giant cockroach.
You kill the giant cockroach!
a - 7 scrolls of identify (gained 1)
You open the door.
There is an open door here.
As you open the door, it creaks loudly!
There is an open door here.
You open the door.
Natasha, Servant of Life and Death comes into view.
She is carrying a wand of flame (6).
Natasha hisses angrily.
Natasha zaps a wand.
The puff of flame hits you!
Natasha zaps a wand.
The puff of flame hits you.
There is an open door here.
Natasha stares at you and mumbles some strange words.
You feel yourself slow down.
You barely miss Natasha. Natasha claws you. Natasha barely misses you.
Natasha wildly gestures.
Natasha shimmers violently.
Natasha claws you!
You hit Natasha.
Natasha is lightly wounded.
Natasha claws you.
Natasha zaps a wand.
The puff of flame hits you!
You die...

#.# ###...## #.# #.
###.# #.# ##.. ##.#.##
#<# ....# #.....# #.#
##...# #..##.# ##.#
#.....# ###..##.# ##..#
.......## ##.#..##.#
#...####
......h.####......#.####
.......+
.......@'...............
#...####
........####....#.#.####
##..# .......##
##.#.....# ###.# #.....#
#####.### ....# ##...#
#.# ##### ##+# #####.# #
#.# #.....# # #####.##
#.##### ########......#
#.#


You could see Natasha.

Vanquished Creatures
  2 ball pythons (D:1)
  2 bats
  5 endoplasms (D:2)
  4 giant cockroaches
  2 hobgoblins
  2 quokkas (D:2)
  4 frilled lizards
  2 goblins
  5 kobolds
  3 rats
31 creatures vanquished.

Notes
Turn   | Place    | Note
-------+----------+-------------------------------------------
     0 | D:1      | qw the Minotaur Fighter began the quest for the Orb.
     0 | D:1      | Reached XP level 1. HP: 19/19 MP: 0/0
     0 | D:1      | 0 ||| qw: Version: 0.1-a-103-gd6f5d3a
     0 | D:1      | 0 ||| qw: Game counter: 5538
     0 | D:1      | 0 ||| qw: Always use a shield: true
     0 | D:1      | 0 ||| qw: God list: Ru
     0 | D:1      | 0 ||| qw: Allow faded altars: false
     0 | D:1      | 0 ||| qw: Do Orc after D:15 true
     0 | D:1      | 0 ||| qw: Do second Lair branch before Depths: true
     0 | D:1      | 0 ||| qw: Lair rune preference: random
     0 | D:1      | 0 ||| qw: Plans: Normal
     0 | D:1      | 0 ||| PLANNING D:1-11
    37 | D:1      | 37 ||| DROPPING +0 whip.
   259 | D:1      | Reached skill level 3 in Axes
   351 | D:1      | Reached XP level 2. HP: 26/26 MP: 1/1
   605 | D:1      | 605 ||| Stepping ~*~*~tactically~*~*~ (stealth).
   958 | D:1      | 958 ||| READING 3 scrolls labelled XOXZUI UTOJOU.
   959 | D:1      | 959 ||| READING scroll labelled KIALIA QOTZ.
   960 | D:1      | 960 ||| READING scroll labelled CYS ZEHUUPHIOS.
   963 | D:1      | 963 ||| READING 2 scrolls labelled WOEVEO USENG.
   964 | D:1      | 964 ||| READING 2 scrolls labelled DOEGOCV ETUD.
   965 | D:1      | 965 ||| DROPPING scroll of magic mapping.
   966 | D:1      | 966 ||| DROPPING scroll of noise.
  1084 | D:2      | Reached skill level 4 in Axes
  1176 | D:2      | Reached XP level 3. HP: 31/31 MP: 2/2
  1401 | D:2      | Identified the +1 leather armour "Qalaroub" {rElec rPois
                  | SInv}
  1429 | D:2      | 1429 ||| Stepping ~*~*~tactically~*~*~ (stealth).
  1606 | D:2      | Noticed Natasha
  1609 | D:2      | HP: 6/31 [Natasha (7)]
  1610 | D:2      | HP: 1/31 [Natasha (5)]
  1610 | D:2      | Killed from afar by Natasha

Levels and vault maps discovered:
D:1:      mrwooster_arrival_statue_3, layout_basic
D:2:      minmay_skewed_foursquare, layout_loops_corners, uniq_natasha

Skill      XL: |  1  2 |
---------------+-------+-----
Axes           | 3 4 |  4.4
Fighting       | |  3.6
Armour         | |  3.6
Shields        | |  3.6

Action                   || total
-------------------------++-------
Melee: War axe           ||    62
       Headbutt          ||    10
  Use: Scroll            ||     5
Armor: Scale mail        ||    22
Dodge: Dodged            ||    20
Block: Buckler           ||    11

Table legend:
 A = Non-vault XP
 B = Vault XP
 C = Vault XP percentage of total XP
 D = Non-vault monster count
 E = Vault monster count
 F = Vault count percentage of total count
                 A         B        C        D         E       F
            +---------+---------+-------+---------+---------+-------
      Total |      30 |      20 |  40.0 |      20 |      11 |  35.5
            +---------+---------+-------+---------+---------+-------
        D:1 |      22 |       0 |   0.0 |      15 |       0 |   0.0
        D:2 |       8 |      20 |  71.4 |       5 |      11 |  68.8
            +---------+---------+-------+---------+---------+-------
